AoeStats
← Big Rizzo

Runestones

508383046Analyzed
1v1 RM · 11d ago on Sep 22, 2026· 31m 40s· 2 players
Game mode
Random Map
Map size
Tiny (2 player)
Population
200
Speed
Normal
Resources
Standard
Victory
Conquest
Starting age
Dark Age
Ending age
Imperial Age
RankedLock teamsTeams togetherTeam positionsShared explorationLock speedFull tech treeHidden civsTurbo modeCheats
Victory
Defeat
🇺🇸 Teutons · United States
71
+26
🇹🇼 Huns · Taiwan
343
-26
Big Rizzo
7:26 Loom
13:32 Feudal Age
13:45 Man-at-Arms
14:13 Arson
14:33 Double-Bit Axe
14:31 Horse Collar
15:24 Town Watch
16:15 Gold Mining
16:32 Stone Mining
18:44 Wheelbarrow
25:45 Castle Age
25:32 Bloodlines
25:55 Padded Archer Armor
25:46 Fletching
25:59 Scale Mail Armor
27:01 Squires
26:22 Long Swordsman
27:18 Crossbowman
28:52 Stone Shaft Mining
28:56 Elite Skirmisher
17525
13:50 Feudal Age
12:05 Loom
15:53 Horse Collar
18:09 Double-Bit Axe
26:49 Castle Age
25:30 Padded Archer Armor
25:53 Gold Mining
26:16 Stone Mining
27:17 Bloodlines
29:19 Husbandry
29:14 Fletching
29:24 Light Cavalry
Connection lost

Rejoining the realm…

Still unreachable

The connection could not be restored.

Session expired

The server has moved on; the page needs a fresh start.